 Dungeon Crawl Stone Soup version 0.27.1 (webtiles) character file.

Game seed: 9994260818253843608

19 r3algoood the Chiller (level 2, 0/20 HPs)
             Began as a Demigod Ice Elementalist on Aug 24, 2021.
             Succumbed to an adder's poison
             ... on level 2 of the Dungeon.
             The game lasted 00:06:02 (2279 turns).

r3algoood the Chiller (Demigod Ice Elementalist)    Turns: 2279, Time: 00:06:03

Health: 0/20       AC:  2    Str:  9    XL:     2   Next: 39%
Magic:  5/7        EV: 12    Int: 17    God:
Gold:   35         SH:  0    Dex: 14    Spells: 3/4 levels left

rFire    . . .     SeeInvis .   c - +0 short sword
rCold    . . .     Faith    .   (no shield)
rNeg     . . .     Spirit   .   a - +0 robe
rPois    .         Reflect  .   (no helmet)
rElec    .         Harm     .   (no cloak)
rCorr    .         Rampage  .   (no gloves)
Will     .....                  (no boots)
Stlth    ++........             (no amulet)
HPRegen  0.06/turn              (no ring)
MPRegen  0.10/turn              (no ring)

@: lethally poisoned (0 -> -7)
A: high mp 1, forlorn
a: no special abilities


You were on level 2 of the Dungeon.
You visited 1 branch of the dungeon, and saw 2 of its levels.

You collected 35 gold pieces.

Inventory:

Hand Weapons
 c - a +0 short sword (weapon)
Armour
 a - a +0 robe (worn)
Scrolls
 b - 2 scrolls of vulnerability {unknown}
 d - 2 scrolls of identify {unknown}
 g - a scroll of acquirement {unknown}
Potions
 e - a potion of mutation {unknown}
 f - a potion of attraction {unknown}
 h - a potion of curing {unknown}


   Skills:
 + Level 0.5 Short Blades
 + Level 2.0 Dodging
 + Level 1.7 Stealth
 + Level 1.8 Spellcasting
 + Level 4.0 Ice Magic


You had 3 spell levels left.
You knew the following spells:

 Your Spells              Type           Power      Damage    Failure   Level
a - Freeze                Ice            60%        1d8       3%          1

Your spell library contained the following spells:

 Spells                   Type           Power      Damage    Failure   Level
 Frozen Ramparts          Ice            30%        1d5       11%         3
 Ozocubu's Armour         Ice            15%        N/A       11%         3
 Hailstorm                Conj/Ice       8%         3d4       65%         4


Dungeon Overview and Level Annotations

Branches:
Dungeon (2/15)


Innate Abilities, Weirdness & Mutations

Your attributes grow dramatically as you level up.
You have an increased reservoir of magic. (+10% MP)
You shall have no god before yourself.


Message History

Found a blue potion.
There is a stone staircase leading up here.
h - a blue potion Unknown command.
An adder comes into view.
Found 12 gold pieces.
An adder is nearby!
Found 31 stones.
The adder hisses angrily.
The adder closely misses you.
You barely miss the adder. The adder bites you but does no damage.
You miss the adder. The adder misses you.
You miss the adder. The adder misses you. The adder barely misses you.
You barely miss the adder. The adder closely misses you.
You completely miss the adder. The adder bites you.
You hit the adder but do no damage. The adder closely misses you.
The adder bites you.
You miss the adder. The adder bites you.
You closely miss the adder. The adder closely misses you. The adder bites you.
* * * LOW HITPOINT WARNING * * *
Casting: Freeze (safe; 3% risk of failure)
Confirm with . or Enter, or press ? or * to list all spells.
Aiming: Freeze (safe; 3% risk of failure)
Press: ? - help, Shift-Dir - straight line, f - adder
Aim: an adder You freeze the adder!
The adder is severely wounded.
The adder bites you.
* * * LOW HITPOINT WARNING * * *
You are lethally poisoned!
The adder poisons you!
Unknown command.
Casting: Freeze (safe; 3% risk of failure)
Confirm with . or Enter, or press ? or * to list all spells.
Aiming: Freeze (safe; 3% risk of failure)
Press: ? - help, Shift-Dir - straight line, f/p - adder
Aim: an adder (severely wounded)
You freeze the adder.
You kill the adder!
You die...

#.# ########## #.#
.........# #.#
.........# #.#
.........# #.#
.........#######.#
.................#
.........#########
......$@.#
.........#
.........#
.........#
.........#
.(.......#
##########


There were no monsters in sight!

Vanquished Creatures
  An adder (D:2)
  2 goblins (D:1)
  2 hobgoblins (D:1)
  3 jackals (D:1)
  A quokka (D:1)
  4 ball pythons (D:1)
  2 bats (D:1)
  3 kobolds (D:1)
  A rat (D:1)
19 creatures vanquished.

Notes
Turn   | Place    | Note
-------+----------+-------------------------------------------
     0 | D:1      | r3algoood the Demigod Ice Elementalist began the quest for
                  | the Orb.
     0 | D:1      | Reached XP level 1. HP: 14/14 MP: 5/5
   784 | D:1      | Reached XP level 2. HP: 14/20 MP: 2/7
  1439 | D:1      | Reached skill level 4 in Ice Magic
  2279 | D:2      | Succumbed to an adder's poison

Illustrated notes

Levels and vault maps discovered:
D:1:      dpeg_arrival_simpleton_b, layout_basic
D:2:      layout_basic, hellmonk_ecumenical_altar_heavens_door

Skill      XL: |  1  2 |
---------------+-------+-----
Dodging        | 2 |  2.0
Ice Magic      | 4 |  4.0
Short Blades   | |  0.5
Stealth        | |  1.7
Spellcasting   | |  1.8

Action                   || total
-------------------------++-------
Melee: Short sword       ||    57
 Cast: Freeze            ||     9
 Stab: Sleeping          ||     2
Armor: Robe              ||     8
Dodge: Dodged            ||    40
